AoeStats
← 297539664

Nomad

509907235Analyzed
4v4 RM · 4d ago on Sep 28, 2026· 48m 55s· 8 players
Game mode
Random Map
Map size
231×231
Population
200
Speed
Normal
Resources
Standard
Victory
Conquest
Starting age
Dark Age
Ending age
Imperial Age
RankedLock teamsTeams togetherTeam positionsShared explorationLock speedFull tech treeHidden civsTurbo modeCheats
Victory
Defeat
🇬🇧 Spanish · United Kingdom
1425
+16
🇸🇬 Dravidians · Singapore
1425
+16
🇫🇮 Vietnamese · Finland
1413
+17
1396
+17
🇨🇳 Spanish · China
1448
-17
🇨🇳 Saxons · China
1441
-17
🇹🇼 Japanese · Taiwan
1411
-16
🇨🇳 Franks · China
1404
-16
No_English
5:33 Loom
Ren
6:44 Loom
13:53 Feudal Age
19:34 Castle Age
18:48 Horse Collar
19:43 Double-Bit Axe
20:18 Husbandry
20:45 Bow Saw
22:09 Bloodlines
297539664
02287
5:15 Loom
anirone7589
11:08 Loom
13:48 Feudal Age
17:27 Castle Age
15:53 Double-Bit Axe
16:10 Fishing Lines
16:30 Fletching
18:19 Medium Warships
18:11 Bodkin Arrow
18:30 Bow Saw
18:35 Gillnets
19:22 Town Watch
19:29 Gold Mining
23:28 Careening
23:28 Clinker Construction
27:53 Imperial Age
29:49 Chemistry
29:21 Heavy Warships
28:24 Siege Elephant
32:50 Carvel Hull
33:21 Town Patrol
34:32 Spies/Treason
38:12 Scale Barding Armor
38:12 Husbandry
41:10 Chain Barding Armor
41:01 Forging
44:20 Conscription
milopokerboy
6:54 Loom
12:51 Feudal Age
15:02 Town Watch
18:01 Castle Age
17:02 Scale Barding Armor
17:08 Forging
25:34 Horse Collar
31:20 Wheelbarrow
30:53 Double-Bit Axe
31:58 Iron Casting
31:55 Caravan
32:57 Hand Cart
33:32 Chain Barding Armor
34:38 Bloodlines
34:29 Husbandry
36:42 Heavy Plow
37:35 Town Patrol
40:22 Bow Saw
41:03 Gold Mining
41:33 Light Cavalry
47:13 Imperial Age
47:23 Spies/Treason
Yasuo, the Unforgiven
cro55b0w
Connection lost

Rejoining the realm…

Still unreachable

The connection could not be restored.

Session expired

The server has moved on; the page needs a fresh start.